cohdb
Replays
Latest Replays
All Replays
Popular Replays
Top Player Replays
Match Explorer
How It Works
Community
CoH3 Stats
Reddit
Sign in to upload your games and track your stats! →
Sign in with Steam
Match 39020279
Unlisted
Match 39020279
Overview
Messages
Build Orders
End
Pioneer Squad
Construct Infanterie Kompanie
Grenadier Squad
Grenadier Squad
MG 42 Machine Gun Team
Infanterie Officer Quarters
GrW 34 Mortar Team
Medical Bunker
Construct Luftwaffe Kompanie
221 Scout Car
Jäger Squad
Flak 30 Anti-aircraft Gun Team
Selects Mechanized Battlegroup
Selects Mobile Repair Stations
Selects Raid Package
Selects StuG Assault Group
Support Elements
Jäger Squad
Marder III M Tank Destroyer
Selects UNKNOWN (2160084)
Selects Wespe Self-propelled Artillery
MG 42 Machine Gun Team
|Lørd|Schwefel
TrihardHassendeZerhacker
Bruistablet
ColdBlood
0
0
Comments
sign in to comment!
No comments posted yet!